 Dungeon Crawl Stone Soup version 0.28-a0-697-g47f3eba078 (webtiles) character file.

Game seed: 11313858524469129065

95 MisterAzrael the Skirmisher (level 4, 0/61 HPs)
             Began as a Minotaur Fighter on Oct 24, 2021.
             Was a Believer of Nemelex Xobeh.
             Slain by an orc (7 damage)
             ... on level 3 of the Dungeon.
             The game lasted 00:03:05 (1795 turns).

MisterAzrael the Skirmisher (Minotaur Fighter)      Turns: 1795, Time: 00:03:06

Health: 0/61       AC: 22    Str: 21    XL:     4   Next: 39%
Magic:  4/4        EV:  2    Int:  5    God:    Nemelex Xobeh [**....]
Gold:   130        SH:  4    Dex: 10    Spells: 3/3 levels left

rFire   . . .      SeeInvis .   l - +2 hand axe (vorpal)
rCold   . . .      Faith    .   c - +0 buckler
rNeg    . . .      Spirit   .   (armour currently unavailable)
rPois   +          Reflect  .   (helmet currently unavailable)
rElec   .          Harm     .   (cloak currently unavailable)
rCorr   .          Rampage  .   (gloves currently unavailable)
Will    .....      NoTele   +   (boots currently unavailable)
Stlth   +.........              (no amulet)
HPRegen 0.20/turn               (no ring)
MPRegen 0.09/turn               (no ring)

@: tree-form
A: stationary, stasis, torment immunity, boosted hp, (horns 2), (retaliatory
headbutt)
a: Renounce Religion, Draw Escape, Draw Destruction, Draw Summoning


You were on level 3 of the Dungeon.
You worshipped Nemelex Xobeh.
Nemelex Xobeh was pleased with you.
You were a tree.
You visited 1 branch of the dungeon, and saw 3 of its levels.

You collected 130 gold pieces.

Inventory:

Hand Weapons
 a - a +0 long sword
 l - a +2 vorpal hand axe (weapon)
Missiles
 g - a throwing net (quivered)
Armour
 b - a +0 scale mail (melded)
 c - a +0 buckler (worn)
Scrolls
 f - a scroll of enchant armour {unknown}
 j - a scroll of teleportation {unknown}
 k - a scroll of identify {unknown}
Potions
 d - a potion of might
 h - a potion of cancellation
 i - a potion of attraction


   Skills:
 + Level 4.6 Fighting
 - Level 3.3 Long Blades
 * Level 2.1 Axes
 - Level 3.6 Armour
 - Level 3.6 Shields
 + Level 1.7 Invocations


You had 3 spell levels left.
You didn't know any spells.
Your spell library contained the following spells:

 Spells                   Type           Power      Damage    Failure   Level
 Magic Dart               Conj           0%         1d3       50%         1
 Call Imp                 Summ           0%         N/A       63%         2
 Mephitic Cloud           Conj/Pois/Air  0%         N/A       86%         3


Dungeon Overview and Level Annotations

Branches:
Dungeon (3/15)

Altars:
Nemelex Xobeh

Annotations:
Abyss:1 Ijyb


Innate Abilities, Weirdness & Mutations

You are a tree.
Your roots penetrate the ground, keeping you stationary.
You cannot be teleported.
You are immune to unholy pain and torment.
Your maximum health is greatly increased.
Your equipment is partially melded.
((You have a pair of horns on your head.))
((You reflexively headbutt those who attack you in melee.))


Message History

You kill the bat!
The ball python returns to its original shape as it dies.
You draw a card...
You have drawn Degeneration.
The orc wizard evaporates and reforms as a dart slug!
The dart slug twists and deforms.
The deck of cards glows slightly and disappears.
You hit the dart slug.
The dart slug is moderately wounded.
The dart slug bites you but does no damage.
You hit the dart slug.
You kill the dart slug!
You barely miss the orc.
An orc comes into view. It is wielding a +0 flail.
The orc hits you but does no damage. The orc is attracted toward you.
You draw a card...
You have drawn the Illusion.
Suddenly you stand beside yourself.
The deck of cards disappears without a trace.
The orc barely misses you.
You barely miss the orc. The orc barely misses you.
You hit the orc.
The orc is almost dead.
You block the orc's attack.
You hit the orc.
You kill the orc!
You hit the orc but do no damage. You block the orc's attack.
You closely miss the orc. The orc hits you but does no damage.
You hit the orc but do no damage. You block the orc's attack.
You hit the orc but do no damage. The orc hits you but does no damage. x2
You closely miss the orc. The orc hits you but does no damage.
You closely miss the orc. The orc hits you but does no damage.
You feel less attractive to monsters.
You hit the orc but do no damage. The orc hits you with a +0 flail.
* * * LOW HITPOINT WARNING * * *
You closely miss the orc. The orc hits you but does no damage. x2
You closely miss the orc. The orc hits you but does no damage.
You hit the orc.
The orc is almost dead.
The orc hits you with a +0 flail!
You die...
Your body glows slightly and disappears.

#........§.......
..#...###.###......
......)<..### .....
#...........##$....
#.#####[...........
#####........
##§###....
####..####...
#.....o♣@# .
#......###..#
.....§§ ##....
.....>. #####
....... .......
....... .......


You could see an orc (ally target) and the friendly MisterAzrael's illusion
(summoned).

Vanquished Creatures
  2 adders
  3 dart slugs
  2 orcs (D:3)
  4 ball pythons
  3 bats
  5 endoplasms
  A giant cockroach (D:1)
  4 goblins
  2 hobgoblins
  4 jackals (D:2)
  3 quokkas
  2 frilled lizards
  2 kobolds (D:2)
  A rat (D:1)
38 creatures vanquished.

Vanquished Creatures (collateral kills)
  A ball python (D:3)
1 creature vanquished.

Grand Total: 39 creatures vanquished

Notes
Turn   | Place    | Note
-------+----------+-------------------------------------------
     0 | D:1      | MisterAzrael the Minotaur Fighter began the quest for the
                  | Orb.
     0 | D:1      | Reached XP level 1. HP: 19/19 MP: 0/0
   207 | D:1      | Found a faded altar of an unknown god.
   242 | D:1      | Prayed at the altar of an unknown god.
   242 | D:1      | Became a worshipper of Nemelex Xobeh the Trickster
   242 | D:1      | Reached * piety under Nemelex Xobeh
   357 | D:1      | Reached skill level 4 in Fighting
   357 | D:1      | Reached XP level 2. HP: 27/27 MP: 1/1
   458 | D:1      | Received a gift from Nemelex Xobeh
  1083 | D:2      | Reached skill level 1 in Invocations
  1083 | D:2      | Reached XP level 3. HP: 21/33 MP: 2/2
  1325 | D:2      | Reached ** piety under Nemelex Xobeh
  1741 | D:3      | Noticed Ijyb
  1757 | D:3      | Reached skill level 1 in Axes
  1765 | D:3      | HP: 1/34 [Ijyb (3)]
  1768 | D:3      | Banished Ijyb
  1769 | D:3      | Reached XP level 4. HP: 2/41 MP: 2/4
  1795 | D:3      | Slain by an orc

Illustrated notes

Levels and vault maps discovered:
D:1:      minmay_arrival_stair_chambers, layout_basic,
          hellmonk_ecumenical_altar_pennies_from_heaven
D:2:      layout_basic, serial_glass, glass_columns_c, glass_columns_b,
          minmay_strange_pillars, due_unseen_surprise, minmay_domino_2
D:3:      layout_rooms, grunt_ministairs_9, uniq_jessica, uniq_terence,
          uniq_ijyb

Skill      XL: |  1  2  3  4 |
---------------+-------------+-----
Fighting       | 4 |  4.6
Long Blades    | 3 |  3.3
Invocations    | 1 |  1.7
Axes           | 1 2 |  2.1
Armour         | |  3.6
Shields        | |  3.6

Action                   |  1- 3 |  4- 6 || total
-------------------------+-------+-------++-------
Melee: Long sword        |    65 |       ||    65
       Headbutt          |    10 |       ||    10
       Hand axe          |    11 |    19 ||    30
Invok: Draw Destruction  |     2 |     5 ||     7
       Draw Escape       |     3 |       ||     3
       Draw Summoning    |     1 |     1 ||     2
  Use: Potion            |     2 |     1 ||     3
Armor: Scale mail        |    56 |       ||    56
       Skin              |       |    16 ||    16
Dodge: Dodged            |    44 |     3 ||    47
Block: Buckler           |    20 |     5 ||    25

Table legend: (Time is in decaauts)
 A = Elapsed time spent in this place.
 B = Non-inter-level travel time spent in this place.
 C = Inter-level travel time spent in this place.
 D = Time resting spent in this place.
 E = Time spent auto-exploring this place.
 F = Levels seen in this place.
 G = Mean time per level.
                   A        B        C        D        E       F      G
               +--------+--------+--------+--------+--------+-----+--------+
         Total |   1821 |   1783 |     38 |    207 |   1285 |   3 |  607.0 |
       Dungeon |   1821 |   1783 |     38 |    207 |   1285 |   3 |  607.0 |
               +--------+--------+--------+--------+--------+-----+--------+

Top non-repeatable levels by time:
     D:1: 952 daAuts
     D:2: 809 daAuts
     D:3: 59 daAuts
